 Dungeon Crawl Stone Soup version 0.28-a0-1395-g4f6bc678fa (webtiles) character file.

Game seed: 11687055521870737596

114 Lekart the Skirmisher (level 4, -3/40 HPs)
             Began as a Draconian Fighter on Jan 4, 2022.
             Succumbed to a kobold's poison
             ... on level 2 of the Dungeon.
             The game lasted 00:03:37 (1869 turns).

Lekart the Skirmisher (Draconian Fighter)           Turns: 1869, Time: 00:03:38

Health: -3/40      AC:  5    Str: 18    XL:     4   Next: 67%
Magic:  3/3        EV: 13    Int:  8    God:
Gold:   55         SH:  5    Dex: 13    Spells: 3/3 levels left

rFire   . . .      SeeInvis .   f - +0 dagger (flame)
rCold   . . .      Faith    .   b - +0 buckler
rNeg    . . .      Spirit   .   (armour unavailable)
rPois   .          Reflect  .   (helmet restricted)
rElec   .          Harm     .   (no cloak)
rCorr   .          Rampage  .   (no gloves)
Will    .....                   (no boots)
Stlth   +.........              (no amulet)
HPRegen 0.13/turn               (no ring)
MPRegen 0.08/turn               (no ring)

@: lethally poisoned (-3 -> -22), attractive, flying
A: AC +5, unfitting armour, cold-blooded, low mp 1, subdued magic 1
a: no special abilities


You were on level 2 of the Dungeon.
You visited 1 branch of the dungeon, and saw 2 of its levels.

You collected 55 gold pieces.

Inventory:

Hand Weapons
 a - a +0 war axe
 f - a +0 dagger of flaming (weapon)
Armour
 b - a +0 buckler (worn)
Wands
 l - a wand of digging (9)
Scrolls
 i - a scroll of fog {unknown}
 j - a scroll of immolation {unknown}
 k - a scroll of brand weapon {unknown}
 n - a scroll of enchant armour {unknown}
 o - a scroll of enchant weapon {unknown}
Potions
 c - a potion of might
 e - 2 potions of attraction


   Skills:
 + Level 3.8 Fighting
 + Level 0.9 Short Blades
 + Level 3.0 Axes
 + Level 3.5 Dodging
 + Level 0.4 Stealth
 + Level 3.4 Shields


You had 3 spell levels left.
You didn't know any spells.
Your spell library was empty.

Dungeon Overview and Level Annotations

Branches:
Dungeon (2/15)

Altars:

Shops:
D:1 *


Innate Abilities, Weirdness & Mutations

Your plain brown scales are hard. (AC +5)
You cannot fit into any form of body armour.
You are cold-blooded and may be slowed by cold attacks.
Your magical capacity is low. (-10% MP)
Your spells are a little easier to cast, but a little less powerful.


Message History

The rat is moderately wounded.
You feel sick. You block the kobold's attack. The rat bites you.
You hit the rat but do no damage.
The rat is moderately wounded.
You feel sick.
The kobold hits you with a +2 dagger of venom.
You are more poisoned.
You block the rat's attack.
You hit the rat but do no damage.
The rat is moderately wounded.
You feel very sick. You block the kobold's attack. The rat barely misses you.
You hit the rat but do no damage.
Your tail-slap misses the rat.
The rat is moderately wounded.
You feel very sick. The kobold hits you but does no damage.
You are lethally poisoned!
You hit the rat. You burn the rat.
You kill the rat!
You feel very sick. The kobold hits you but does no damage.
You are more poisoned.
It was a potion of flight.
You feel very buoyant.
You fly up into the air.
You feel very sick. The kobold hits you but does no damage.
You are more poisoned.
It was a potion of attraction.
You feel attractive to monsters.
* * * LOW HITPOINT WARNING * * *
You feel extremely sick. The kobold closely misses you.
It was a potion of mutation.
You feel extremely strange.
You feel less energetic.
Your connection to magic feels subdued.
* * * LOW HITPOINT WARNING * * *
You feel very sick. The kobold closely misses you.
You hit the kobold but do no damage.
You die...

#.####.#.###<........
#.........##.........
######.##.#################
.......#...'..# #[.##.+
##.....#..###.## ##...##..##
#.....###..#..# .#..##.#..#
##.....##..###.##...##.#..###
.+.....####..#..#†.##.#.....#
##....##
#..###.@K##.#..#..### ##....#
###..#..##.#..#.##..# ......#
#..#####.#..#.##..### ...##.#
###..##.#..#.#####..# ...##.#
#..##.#..#.##..#..### ...##.#
###.†#..#.##...###..# ......#
#.....#.##..#..#..### ...#..#
###).#.##...##.###..# ####..#
#..#.##..#..#..#..##


You could see a kobold.

Vanquished Creatures
  An adder (D:2)
  4 gnolls
  A dart slug (D:1)
  5 ball pythons
  11 bats
  4 endoplasms
  3 giant cockroaches
  5 goblins
  7 hobgoblins
  8 jackals
  2 frilled lizards
  6 kobolds
  4 rats (D:2)
61 creatures vanquished.

Notes
Turn   | Place    | Note
-------+----------+-------------------------------------------
     0 | D:1      | Lekart the Draconian Fighter began the quest for the Orb.
     0 | D:1      | Reached XP level 1. HP: 19/19 MP: 1/1
   244 | D:1      | Reached XP level 2. HP: 21/26 MP: 2/2
   357 | D:1      | Found Yxkosch's General Store.
   421 | D:1      | Reached XP level 3. HP: 19/30 MP: 3/3
  1092 | D:1      | Reached XP level 4. HP: 16/40 MP: 4/4
  1868 | D:2      | Gained mutation: Your magical capacity is low. (-10% MP)
                  | [potion of mutation]
  1868 | D:2      | Gained mutation: Your spells are a little easier to cast,
                  | but a little less powerful. [potion of mutation]
  1868 | D:2      | HP: 1/40 [poisoned by a kobold]
  1869 | D:2      | Succumbed to a kobold's poison

Illustrated notes

Levels and vault maps discovered:
D:1:      dpeg_arrival_simpleton_c, layout_basic, serial_shops, shop,
          minmay_vboxes
D:2:      minmay_razor_zed, layout_basic, minmay_octomino_j4

Skill      XL: |  1  2  3  4 |
---------------+-------------+-----
Dodging        | 3 |  3.5
Axes           | 3 |  3.0
Fighting       | |  3.8
Short Blades   | |  0.9
Stealth        | |  0.4
Shields        | |  3.4

Action                   |  1- 3 |  4- 6 || total
-------------------------+-------+-------++-------
Melee: War axe           |    57 |       ||    57
       Tailslap          |    11 |    14 ||    25
       Dagger            |    49 |    72 ||   121
  Use: Potion            |       |     3 ||     3
       Scroll            |       |     2 ||     2
 Stab: Sleeping          |     2 |       ||     2
Armor: Skin              |    71 |    20 ||    91
Dodge: Dodged            |   149 |    54 ||   203
Block: Buckler           |    46 |    14 ||    60

Table legend: (Time is in decaauts)
 A = Elapsed time spent in this place.
 B = Non-inter-level travel time spent in this place.
 C = Inter-level travel time spent in this place.
 D = Time resting spent in this place.
 E = Time spent auto-exploring this place.
 F = Levels seen in this place.
 G = Mean time per level.
                   A        B        C        D        E       F      G
               +--------+--------+--------+--------+--------+-----+--------+
         Total |   1892 |   1881 |     11 |    708 |    708 |   2 |  946.0 |
       Dungeon |   1892 |   1881 |     11 |    708 |    708 |   2 |  946.0 |
               +--------+--------+--------+--------+--------+-----+--------+

Top non-repeatable levels by time:
     D:1: 1066 daAuts
     D:2: 826 daAuts
